 Dungeon Crawl Stone Soup version 0.31-a0-187-gba352fbbf7 (webtiles) character file.

Game seed: 4835251916909537853

35 qw the Shooter (level 3, 0/20 HPs)
             Began as a Deep Elf Hunter on June 22, 2023.
             Slain by Natasha (1 damage)
             ... on level 2 of the Dungeon.
             The game lasted 00:00:19 (816 turns).

qw the Shooter (Deep Elf Hunter)                     Turns: 816, Time: 00:00:20

Health: 0/20       AC:  5    Str: 16    XL:     3   Next: 17%
Magic:  5/5        EV: 11    Int: 13    God:
Gold:   67         SH:  0    Dex: 18    Spells: 2/2 levels left

rFire   . . .        Y - +0 shortbow
rCold   . . .        (shield currently unavailable)
rNeg    . . .        a - +0 ring mail
rPois   .            (no helmet)
rElec   .            (no cloak)
rCorr   .            (no gloves)
SInv    .            (no boots)
Will    .....        (no amulet)
Stlth   +            e - +6 ring of strength
HPRegen 0.23/turn    (no ring)
MPRegen 0.09/turn

%: no passive effects
@: slowed, very slow
A: no striking features
a: no special abilities


You were on level 2 of the Dungeon.
You visited 1 branch of the dungeon, and saw 2 of its levels.

You collected 67 gold pieces.


   Skills:
 - Level 1.5 Fighting
 + Level 6.8 Ranged Weapons
 - Level 2.4 Dodging
 - Level 1.2 Stealth


You had 2 spell levels left.
You didn't know any spells.
Your spell library was empty.

Inventory:

Hand Weapons
 Y - a +0 shortbow (weapon)
Armour
 a - a +0 ring mail (worn)
 c - a +0 leather armour
Jewellery
 e - a +6 ring of strength (left hand)
Potions
 b - a potion of cancellation {unknown}
 f - a potion of enlightenment {unknown}
 g - a potion of invisibility {unknown}

Dungeon Overview and Level Annotations

Branches:
Dungeon (2/15)

Altars:

Annotations:
D:2 Natasha


Message History

Found a book of Party Tricks.
Enter note:
Enter note:
Enter note:
Enter note:
Enter note:
Enter note: Natasha, Servant of Life and Death comes into view.
Enter note:
Enter note:
Enter note:
Enter note:
Enter note:
Enter note: Natasha is nearby!
805 ||| UPGRADING to +0 ring mail.
You start removing your armour.
You continue taking off your +0 leather armour. x2
Natasha hisses angrily.
You continue taking off your +0 leather armour. x2
You finish taking off your +0 leather armour.
You start putting on your armour.
You continue putting on your +0 ring mail.
Natasha stares at you and mumbles some strange words.
Keep equipping yourself?
You feel yourself slow down.
You continue putting on your +0 ring mail.
Natasha barely misses you.
You continue putting on your +0 ring mail.
Natasha barely misses you.
You continue putting on your +0 ring mail.
Natasha closely misses you. Natasha claws you!
You continue putting on your +0 ring mail.
Natasha claws you!
You finish putting on your +0 ring mail.
You shoot an arrow. The arrow barely misses Natasha.
Natasha barely misses you. Natasha claws you.
You shoot an arrow. The arrow closely misses Natasha.
Natasha claws you.
You die...

...............
..)..............# ###.
...(.............# ....
.......>.......... ##.##
.................# #...
.................#...#
....###....##....#.#.#..
......#....##....h.#...#
......#.........@#
......#..........#
......#..........#.#.
......#............#..
......#[.#'#.#...#.#:#
......#..#.#.#...#...#
......+..#.#.#...# #...
......#..#.#.#..... #.#
+#.......#.#.#...#.....


You could see Natasha.

Vanquished Creatures
  A gnoll (D:1)
  2 dart slugs (D:1)
  2 endoplasms (D:2)
  A goblin (D:1)
  5 hobgoblins (D:1)
  4 ball pythons (D:1)
  2 frilled lizards (D:1)
  A kobold (D:1)
  4 rats (D:1)
22 creatures vanquished.

Notes
Turn   | Place    | Note
-------+----------+-------------------------------------------
     0 | D:1      | qw the Deep Elf Hunter began the quest for the Orb.
     0 | D:1      | Reached XP level 1. HP: 12/12 MP: 3/3
     0 | D:1      | 0 ||| qw: Version: 0.3-a-9-g12657ce
     0 | D:1      | 0 ||| qw: Game counter: 2330
     0 | D:1      | 0 ||| qw: Always use a shield: true
     0 | D:1      | 0 ||| qw: God list: Okawaru
     0 | D:1      | 0 ||| qw: Allow faded altars: false
     0 | D:1      | 0 ||| qw: Do Orc after D:15 true
     0 | D:1      | 0 ||| qw: Do second Lair branch before Depths: true
     0 | D:1      | 0 ||| qw: Lair rune preference: random
     0 | D:1      | 0 ||| qw: Plans: Normal
     0 | D:1      | 0 ||| PLANNING D:1-11
    72 | D:1      | 72 ||| FLEEEEING.
    73 | D:1      | 73 ||| FLEEEEING.
    87 | D:1      | 87 ||| FLEEEEING.
   115 | D:1      | Found a faded altar of an unknown god.
   121 | D:1      | Reached skill level 6 in Ranged Weapons
   121 | D:1      | Reached XP level 2. HP: 16/16 MP: 4/4
   369 | D:1      | Reached XP level 3. HP: 18/20 MP: 5/5
   636 | D:1      | 636 ||| UPGRADING to +6 ring of strength.
   637 | D:1      | 637 ||| READING scroll labelled WABLUSS XUMIE.
   638 | D:1      | 638 ||| DROPPING scroll of butterflies.
   804 | D:2      | Noticed Natasha
   805 | D:2      | 805 ||| UPGRADING to +0 ring mail.
   814 | D:2      | HP: 2/20 [Natasha (9)]
   816 | D:2      | Slain by Natasha

Levels and vault maps discovered:
D:1:      saegor_arrival_simple_c, layout_loops_ring,
          chequers_ecumenical_altar_simple_redux
D:2:      layout_basic, basic_altar, nicolae_concentric_dashed_squares_mild,
          uniq_crazy_yiuf_cottage, uniq_terence, uniq_natasha

Skill      XL: |  1 |
---------------+----+-----
Ranged Weapons | 6 |  6.8
Fighting       | |  1.5
Dodging        | |  2.4
Stealth        | |  1.2

Action                     || total
---------------------------++-------
   Fire: Shortbow          ||    60
    Use: Scroll            ||     1
 Armour: Leather armour    ||     1
  Dodge: Dodged            ||    11

Table legend:
 A = Non-vault XP
 B = Vault XP
 C = Vault XP percentage of total XP
 D = Non-vault monster count
 E = Vault monster count
 F = Vault count percentage of total count
                 A         B        C        D         E       F
            +---------+---------+-------+---------+---------+-------
      Total |      51 |       0 |   0.0 |      22 |       0 |   0.0
            +---------+---------+-------+---------+---------+-------
        D:1 |      47 |       0 |   0.0 |      20 |       0 |   0.0
        D:2 |       4 |       0 |   0.0 |       2 |       0 |   0.0
            +---------+---------+-------+---------+---------+-------
